 Dungeon Crawl Stone Soup version 0.28-a0-683-ga8797d1ae1 (webtiles) character file.

Game seed: 830751064482483499

130 BlueFish the Covert (level 4, 0/31 HPs)
             Began as a Vampire Delver on Oct 19, 2021.
             Succumbed to Jessica's poison
             ... on level 2 of the Dungeon.
             The game lasted 00:09:41 (2142 turns).

BlueFish the Covert (Vampire Delver)                Turns: 2142, Time: 00:09:42

Health: 0/31       AC:  6    Str: 10 (11) XL:     4   Next: 90%
Magic:  4/4        EV: 12    Int: 11 (12) God:
Gold:   96         SH:  0    Dex: 15 (16) Spells: 3/3 levels left

rFire   . . .      SeeInvis +   a - +0 short sword
rCold   . . .      Faith    .   (no shield)
rNeg    . . .      Spirit   .   b - +0 leather armour
rPois   .          Reflect  .   m - +1 helmet
rElec   .          Harm     .   p - +0 cloak
rCorr   +          Rampage  .   (no gloves)
Will    .....                   (no boots)
Stlth   ++++......              (no amulet)
HPRegen 0.30/turn               h - ring of wizardry
MPRegen 0.09/turn               q - ring of resist corrosion

@: brilliant, lethally poisoned (0 -> -3), healing quickly
A: alive, fangs 3, see invisible, vampiric 2, talons 1, evolution 1, [frail 1]
a: Exsanguinate


You were on level 2 of the Dungeon.
You visited 1 branch of the dungeon, and saw 5 of its levels.
You also visited: Sewer.

You collected 96 gold pieces.

Inventory:

Hand Weapons
 a - a +0 short sword (weapon)
Armour
 b - a +0 leather armour (worn)
 m - a +1 helmet (worn)
 p - a +0 cloak (worn)
Jewellery
 h - a ring of wizardry (left hand)
 n - a ring of magical power
 q - a ring of resist corrosion (right hand)
Wands
 g - a wand of digging (3)
Scrolls
 c - 2 scrolls of fog
 d - a scroll of magic mapping
 k - 2 scrolls of enchant armour
Potions
 f - 5 potions of flight


   Skills:
 * Level 3.0 Fighting
 * Level 3.2 Short Blades
 + Level 0.4 Armour
 * Level 2.9 Dodging
 * Level 9.0 Stealth


You had 3 spell levels left.
You didn't know any spells.
Your spell library was empty.

Dungeon Overview and Level Annotations

Branches:
Dungeon (5/15)              Sewer (visited)
 Temple: D:4-7

Altars:
Cheibriados
Qazlal

Annotations:
D:2 Jessica
D:5 exclusion: scorpion


Innate Abilities, Weirdness & Mutations

Your natural rate of healing is accelerated.
You have razor-sharp teeth.
You have supernaturally acute eyesight. (SInv)
You are afflicted with vampirism and can become a bat while bloodless.
You have sharp toenails.
You have hidden genetic potential.
[You are frail. (-10% HP)]


Message History

It was a potion of heal wounds.
You feel much better.
You feel very sick. Jessica closely misses you.
It was a potion of brilliance.
You feel clever all of a sudden.
You feel very sick.
Jessica hits you with a +0 dagger of venom.
You are lethally poisoned!
Jessica hits you with a +0 dagger of venom.
Okay, then.
As you read the scroll of fear, it crumbles to dust.
You assume a fearsome visage.
Jessica looks frightened!
You feel very sick.
Jessica gestures wildly while chanting.
Jessica blinks!
Really quaff the potion of mutation?
You feel extremely strange.
Your toenails lengthen and sharpen.
You feel a hidden potential growing inside you.
* * * LOW HITPOINT WARNING * * *
You feel very sick.
Jessica looks scared stiff.
Jessica gestures wildly while chanting.
Jessica blinks!
Jessica mumbles some strange words.
Jessica blinks!
* * * LOW HITPOINT WARNING * * *
You feel very sick.
* * * LOW HITPOINT WARNING * * *
You feel sick.
* * * LOW HITPOINT WARNING * * *
You feel sick.
There is a lethal amount of poison in your body!
There is a lethal amount of poison in your body!
There is a lethal amount of poison in your body!
* * * LOW HITPOINT WARNING * * *
You feel sick.
* * * LOW HITPOINT WARNING * * *
You feel sick.
You die...

......#...........#.....##.#
###.........#..#............#
#.###.................#..#
..................#.:...
...............?....###
##.#####..#.....!..# #.
#..#(....##.#
#.#####..#.._.....#
#.....@..#.....####
#.#####........# ###....###
######


There were no monsters in sight!

Vanquished Creatures
  2 adders (Sewer)
  A river rat (D:3)
  5 worms
  2 dart slugs
  An orc (D:3)
  5 ball pythons
  9 endoplasms
  4 giant cockroaches
  9 goblins
  6 hobgoblins
  8 jackals
  3 kobolds
  3 quokkas (D:3)
  13 bats
  A frilled lizard (D:1)
  4 rats
76 creatures vanquished.

Notes
Turn   | Place    | Note
-------+----------+-------------------------------------------
     0 | D:5      | BlueFish the Vampire Delver began the quest for the Orb.
     0 | D:5      | Reached XP level 1. HP: 17/17 MP: 1/1
    19 | D:5      | Noticed a scorpion
   113 | D:3      | Reached XP level 2. HP: 23/23 MP: 2/2
   160 | D:3      | Reached skill level 8 in Stealth
   178 | D:3      | Found a glowing drain.
   182 | Sewer    | Entered a sewer
   198 | Sewer    | Gained mutation: You are afflicted with vampirism and can
                  | become a bat while bloodless. [Vampire growth]
   198 | Sewer    | Reached XP level 3. HP: 11/28 MP: 3/3
   896 | Sewer    | Reached XP level 4. HP: 30/30 MP: 4/4
  1095 | D:3      | Found a snail-covered altar of Cheibriados.
  2054 | D:2      | Found a stormy altar of Qazlal.
  2067 | D:2      | Reached skill level 9 in Stealth
  2123 | D:2      | Noticed Jessica
  2136 | D:2      | Gained mutation: You have sharp toenails. [potion of
                  | mutation]
  2136 | D:2      | Gained mutation: You have hidden genetic potential. [potion
                  | of mutation]
  2141 | D:2      | HP: 1/31 [poisoned by Jessica]
  2142 | D:2      | Succumbed to Jessica's poison

Illustrated notes

Levels and vault maps discovered:
D:1:      matt_arrival_diagonals, layout_loops_ring, fountainhead, st_stairs_3
D:2:      layout_basic, basic_altar, ebering_ecumenical_altar_hall,
          minmay_misc_feat_roman, hex_medium, uniq_jessica
D:3:      layout_rooms, cheibrodos_worm_habitat, gup_sewer_entry_spiral
D:4:      layout_rooms, serial_shops, shop, chequers_garden,
          nicolae_elemental_shop, hangedman_decor_opposing,
          chequers_serial_rivers_room_b
D:5:      layout_basic, evilmike_ruin_ashenzari, serial_co_window_serial,
          co_window_corner_a, co_window_corner_a, co_window_paths_a,
          co_window_corner_a, co_window_of_opportunity_a, co_window_2corner,
          co_window_of_opportunity_b, co_window_corner_cb, co_window_broadway_a,
          co_window_paths_d, glass_columns_a, glass_columns_a, serial_shops,
          shop

Skill      XL: |  1  2  3  4 |
---------------+-------------+-----
Stealth        | 8 9 |  9.0
Short Blades   | 3 |  3.2
Fighting       | 3 |  3.0
Armour         | |  0.4
Dodging        | |  2.9

Action                   |  1- 3 |  4- 6 || total
-------------------------+-------+-------++-------
Melee: Short sword       |   117 |   131 ||   248
       Bite              |    10 |     8 ||    18
 Abil: End Transformatio |     1 |       ||     1
       Bat Form          |     1 |       ||     1
       Exsanguinate      |     1 |       ||     1
       Revivify          |     1 |       ||     1
  Use: Scroll            |     2 |     3 ||     5
       Potion            |     1 |     4 ||     5
 Stab: Sleeping          |    12 |    18 ||    30
Armor: Leather armour    |    31 |    35 ||    66
Dodge: Dodged            |    71 |    70 ||   141

Table legend: (Time is in decaauts)
 A = Elapsed time spent in this place.
 B = Non-inter-level travel time spent in this place.
 C = Inter-level travel time spent in this place.
 D = Time resting spent in this place.
 E = Time spent auto-exploring this place.
 F = Levels seen in this place.
 G = Mean time per level.
                   A        B        C        D        E       F      G
               +--------+--------+--------+--------+--------+-----+--------+
         Total |   2277 |   2266 |     11 |     87 |   1335 |   6 |  379.5 |
       Dungeon |   1419 |   1408 |     11 |     11 |    918 |   5 |  283.8 |
         Sewer |    857 |    857 |      0 |     76 |    417 |   1 |  857.0 |
               +--------+--------+--------+--------+--------+-----+--------+

Top non-repeatable levels by time:
   Sewer: 857 daAuts
     D:1: 825 daAuts
     D:3: 406 daAuts
     D:2: 120 daAuts
     D:5: 36 daAuts
     D:4: 30 daAuts
